 Dungeon Crawl Stone Soup version 0.32-a0-975-g85d4e5bfdb (webtiles) character file.

Game seed: 14368795997605174458

4976 LostInTranslocation the Grappler (level 10, 0/77 HPs)
             Began as a Demonspawn Cinder Acolyte on Apr 20, 2024.
             Was a Priest of Ignis.
             Asphyxiated
             ... on level 8 of the Dungeon.
             The game lasted 00:33:54 (8737 turns).

LostInTranslocation the Grappler (DsCA)             Turns: 8737, Time: 00:33:54

Health: 0/77       AC: 33    Str: 16    XL:     10   Next: 29%
Magic:  13/13      EV:  5    Int: 16    God:    Ignis [***...]
Gold:   939        SH:  9    Dex:  8    Spells: 11/13 levels left

rFire   + +          .
                       - Unarmed
rCold   . . .        c - +2 buckler
rNeg    . . .        Y - +8 chain mail "Mulado" {-Tele Fly Int-5 Stlth+}
rPois   .            n - +2 hat "Jojeox" {Int+3}
rElec   .            U - scarf {repulsion}
rCorr   .            (no gloves)
SInv    .            I - +0 pair of boots
Will    +....        (no amulet) Stlth
                     J - ring of protection from fire
HPRegen 0.32/turn    (no ring)
MPRegen 0.13/turn

%: no teleportation, repel missiles
@: mighty, lethally poisoned (0 -> -56), marked, sanguine armoured,
fiery-armoured, enlightened, flying, slowed, very slow
A: claws 2, spiny 1, sanguine armour 1, condensation shield, talons 2
a: Renounce Religion, Fiery Armour, Foxfire Swarm, Rising Flame


You were on level 8 of the Dungeon.
You worshipped Ignis.
Ignis was most pleased with you.
You visited 1 branch of the dungeon, and saw 8 of its levels.

You collected 1376 gold pieces.
You spent 437 gold pieces at shops.

Inventory:

Hand Weapons
 a - a +0 hand axe of flaming
 z - a +0 hand axe of freezing
 A - a +4 flail
 V - a +4 rapier
Armour
 c - a +2 buckler (worn)
 n - the +2 hat "Jojeox" (worn) {Int+3}
   (You found it on level 2 of the Dungeon)

   Int+3:     It affects your intelligence (+3).
 G - a +0 robe of positive energy
 I - a +0 pair of boots (worn)
 S - +0 steam dragon scales
 U - a scarf of repulsion (worn)
 W - a +0 cloak of poison resistance
 Y - the +8 chain mail "Mulado" (worn) {-Tele Fly Int-5 Stlth+}
   (You bought it in a shop on level 7 of the Dungeon)

   Int-5:     It affects your intelligence (-5).
   Fly:       It grants you flight.
   -Tele:     It prevents most forms of teleportation.
   Stlth+:    It makes you more stealthy.
 Z - +0 acid dragon scales
Jewellery
 J - a ring of protection from fire (left claw)
Wands
 r - a wand of polymorph (4)
 M - a wand of acid (5)
 O - a wand of flame (45)
Scrolls
 h - 2 scrolls of enchant weapon
 j - 6 scrolls of teleportation
 t - 3 scrolls of fog
 w - 2 scrolls of blinking
 C - a scroll of poison
 K - 2 scrolls of revelation
 L - a scroll of noise
 P - a scroll of brand weapon
 R - a scroll of fear
 T - a scroll of summoning
Potions
 d - a potion of haste
 k - 2 potions of curing
 l - 3 potions of attraction
 m - 2 potions of magic
 p - a potion of mutation
 s - 4 potions of resistance
 x - a potion of ambrosia
 E - a potion of brilliance


   Skills:
 + Level 6.9 Fighting
 - Level 2.6 Axes
 * Level 2.8 Armour
 - Level 1.0 Shields
 + Level 11.2 Unarmed Combat
 - Level 2.3 Spellcasting
 - Level 5.1 Fire Magic


You had 11 spell levels left.
You knew the following spells:

 Your Spells              Type           Power      Damage    Failure   Level
a - Scorch                Fire           36%        2d6       52%         2

Your spell library contained the following spells:

 Spells                   Type           Power      Damage    Failure   Level
 Apportation              Tloc           2%         N/A       97%         1
 Shock                    Conj/Air       4%         1d3       97%         1
 Jinxbite                 Hex            2%         N/A       99%         2
 Swiftness                Air            1%         N/A       100%        3
 Airstrike                Air            0%         2d(1-17)  100%        4
 Alistair's Intoxication  Alch           0%         N/A       100%        5


Dungeon Overview and Level Annotations

Branches:
Dungeon (8/15)             Temple (0/1) D:7
   Lair: D:8-11

Altars:
Cheibriados
Makhleb
Qazlal
Xom

Shops:
D:1 *   D:7 ?*[*

Annotations:
D:3 2 transporters, exclusion: 2 downstairs, AwFulAwFulPlayer's ghost, weakling MiFi


Innate Abilities, Weirdness & Mutations

You have very sharp fingernails.
You are partially covered in sharp spines.
When seriously injured, your blood forms armour. (AC +6)
A meltable shield of frost defends you. (SH +4)
You have razor-sharp toenails.


Message History

The orange demon stings you but does no damage.
The orange demon is burned by your cloak of flames.
The orange demon is moderately wounded.
The orange demon hits you but does no damage.
The orange demon is burned by your cloak of flames.
The orange demon is moderately wounded.
You take 8 damage, and have 12/77 hp.
A steam dragon comes into view.
A malevolent force fills the Dungeon...
With a horrendous wail, an alarm goes off!
A sentinel's mark forms upon you.
* * * LOW HITPOINT WARNING * * *
You feel extremely sick.
The steam dragon hisses angrily.
You hear a shout! x2
You hear a horrible gurgling sound!
You hear a shout!
You hear a howl!
You hear a shout! x3; You hear an angry buzzing noise. x2
The orange demon is struck by your spines.
The orange demon stings you but does no damage.
The orange demon is burned by your cloak of flames.
The orange demon is heavily wounded.
The orange demon hits you but does no damage.
You see here a +0 mace.
You take 1 damage, and have 11/77 hp.
It was a potion of enlightenment.
You feel more buoyant.
You feel less invigorated.
You feel less confused.
* * * LOW HITPOINT WARNING * * *
You feel extremely sick.
The orange demon stings you but does no damage.
The orange demon is burned by your cloak of flames.
The orange demon is severely wounded.
The orange demon barely misses you.
The orange demon is struck by your spines.
The orange demon stings you.
* * * LOW HITPOINT WARNING * * *
You are more poisoned.
You have difficulty breathing.
You die...
Ignis goes out, and joins you in death.

#.........
#....>....
#......... ...D.....
......... #........
##.......# ..
#4@....#
....###...####
.......†### ##
.....##..## ###.
.... ##).# ##... ...
##..## ###.... ..
##.#..## ###.....# .
#......#####......##
#.......##......###


You could see an orange demon (curare) and a steam dragon.

Vanquished Creatures
  Amaemon (D:8)
  Pikel (D:7)
  Maurice (D:8)
  Maggie (D:7)
  Prince Ribbit (D:7)
  A wyvern (D:7)
  A steam dragon (D:4)
  Menkaure (D:6)
  Edmund (D:6)
  An acid dragon (D:8)
  2 water moccasins (D:7)
  2 orc warriors
  A sky beast (D:6)
  2 ice beasts
  An ogre (D:4)
  A lemure (D:7)
  A centaur (D:5)
  A phantom (D:7)
  A kobold brigand (D:7)
  2 bullfrogs (D:7)
  2 scorpions
  4 killer bees (D:8)
  3 howler monkeys
  3 bombardier beetles
  6 orc priests
  4 hounds
  A human skeleton (D:4)
  2 sleepcaps (D:7)
  Terence (D:3)
  2 orc wizards
  6 iguanas
  A hound skeleton (D:4)
  Robin (D:4)
  A gnoll (D:1)
  6 adders
  2 shadow imps
  A white imp (D:7)
  2 ufetubi (D:7)
  4 ribbon worms
  2 dart slugs
  23 orcs
  4 ball pythons
  6 endoplasms
  5 giant cockroaches
  20 goblins
  8 hobgoblins
  3 jackals (D:4)
  4 quokkas
  7 bats
  3 frilled lizards
  8 kobolds
  5 rats
174 creatures vanquished.

Vanquished Creatures (collateral kills)
  An orc (D:5)
1 creature vanquished.

Vanquished Creatures (others)
  5 dream sheep (D:4)
  8 foxfires (D:5)
13 creatures vanquished.

Grand Total: 188 creatures vanquished

Notes
Turn   | Place    | Note
-------+----------+-------------------------------------------
     0 | D:1      | LostInTranslocation the Demonspawn Cinder Acolyte began the
                  | quest for the Orb.
     0 | D:1      | Reached XP level 1. HP: 18/18 MP: 2/2
   131 | D:1      | Found Tek Xevo's Assorted Antiques.
   249 | D:1      | Gained mutation: A meltable shield of frost defends you.
                  | (SH +4) [demonic ancestry]
   249 | D:1      | Reached XP level 2. HP: 5/24 MP: 4/4
   454 | D:1      | Learned a level 2 spell: Scorch
  1035 | D:2      | Gained mutation: When seriously injured, your blood forms
                  | armour. (AC +6) [demonic ancestry]
  1035 | D:2      | Reached XP level 3. HP: 29/29 MP: 0/5
  1592 | D:2      | Gained mutation: You have sharp fingernails. [demonic
                  | ancestry]
  1592 | D:2      | Reached XP level 4. HP: 17/35 MP: 2/7
  1752 | D:2      | Identified the +2 hat "Jojeox" {Int+3}
  2389 | D:3      | Noticed Terence
  2596 | D:3      | Found a faded altar of an unknown god.
  2708 | D:3      | Found a transporter.
  2708 | D:3      | Noticed a gnoll sergeant
  2775 | D:3      | Found a transporter.
  2919 | D:3      | Killed Terence
  2920 | D:3      | Reached skill level 1 in Unarmed Combat
  2920 | D:3      | Reached XP level 5. HP: 25/41 MP: 3/8
  3200 | D:4      | Noticed an ogre
  3295 | D:3      | Reached skill level 2 in Unarmed Combat
  3524 | D:4      | Noticed a steam dragon
  3578 | D:3      | Noticed AwFulAwFulPlayer's ghost (weakling MiFi)
  3759 | D:4      | Noticed a dream sheep
  3759 | D:4      | Noticed a dream sheep
  3759 | D:4      | Noticed a dream sheep
  3759 | D:4      | Noticed a dream sheep
  3759 | D:4      | Noticed a dream sheep
  3759 | D:4      | Found a shimmering altar of Xom.
  3761 | D:4      | Killed a dream sheep
  3762 | D:4      | Killed a dream sheep
  3762 | D:4      | Killed a dream sheep
  3763 | D:4      | Killed a dream sheep
  3763 | D:4      | Killed a dream sheep
  3839 | D:4      | Gained mutation: You are partially covered in sharp spines.
                  | [demonic ancestry]
  3839 | D:4      | Reached XP level 6. HP: 47/47 MP: 2/9
  3932 | D:4      | Reached skill level 3 in Unarmed Combat
  3932 | D:4      | Reached skill level 5 in Fire Magic
  4097 | D:4      | Killed a steam dragon
  4098 | D:4      | Reached skill level 4 in Unarmed Combat
  4098 | D:4      | Reached XP level 7. HP: 30/52 MP: 1/10
  4531 | D:4      | Noticed Robin
  4550 | D:4      | Killed Robin
  4876 | D:4      | Reached skill level 5 in Unarmed Combat
  4936 | D:4      | Found a burning altar of Makhleb.
  5004 | D:5      | Entered Level 5 of the Dungeon
  5256 | D:5      | Gained mutation: You have sharp toenails. [potion of
                  | mutation]
  5256 | D:5      | Gained mutation: You have razor-sharp toenails. [potion of
                  | mutation]
  5262 | D:5      | Found a stormy altar of Qazlal.
  5273 | D:5      | Reached skill level 6 in Unarmed Combat
  5606 | D:5      | Gained mutation: You have very sharp fingernails. [demonic
                  | ancestry]
  5606 | D:5      | Reached XP level 8. HP: 37/58 MP: 4/11
  5617 | D:5      | Reached skill level 7 in Unarmed Combat
  6158 | D:5      | Identified a scroll of acquirement
  6577 | D:6      | Reached skill level 1 in Shields
  6577 | D:6      | Reached skill level 8 in Unarmed Combat
  6686 | D:6      | Noticed Edmund
  6708 | D:6      | Killed Edmund
  6861 | D:6      | Noticed Menkaure
  6875 | D:6      | Killed Menkaure
  7355 | D:7      | Reached skill level 9 in Unarmed Combat
  7355 | D:7      | Reached XP level 9. HP: 54/66 MP: 7/12
  7460 | D:7      | Found Tysunef's Magic Scroll Boutique.
  7462 | D:7      | Found Biepn's Antique Armour Boutique.
  7467 | D:7      | Found Tujocen's Assorted Antiques.
  7468 | D:7      | Found Taaqujum's General Store.
  7604 | D:7      | Bought a glowing scarf for 200 gold pieces
  7645 | D:7      | Noticed Maggie
  7794 | D:7      | Noticed Pikel
  7805 | D:7      | Killed Pikel
  7806 | D:7      | Reached skill level 5 in Fighting
  7806 | D:7      | Reached skill level 10 in Unarmed Combat
  7981 | D:7      | Found a staircase to the Ecumenical Temple.
  8174 | D:7      | Killed Maggie
  8184 | D:7      | Noticed Prince Ribbit
  8216 | D:7      | Killed Prince Ribbit
  8327 | D:7      | Acquired 905 gold pieces
  8353 | D:7      | Bought a shimmering chain mail for 237 gold pieces
  8353 | D:7      | Identified the +8 chain mail "Mulado" {-Tele Fly Int-5
                  | Stlth+} (You bought it in a shop on level 7 of the Dungeon)
  8371 | D:7      | Found a snail-covered altar of Cheibriados.
  8449 | D:8      | Reached XP level 10. HP: 66/77 MP: 13/13
  8605 | D:8      | Reached skill level 11 in Unarmed Combat
  8689 | D:8      | Noticed Maurice
  8698 | D:8      | Killed Maurice
  8699 | D:8      | Reached skill level 1 in Armour
  8709 | D:8      | Noticed Amaemon
  8714 | D:8      | Noticed an orange demon
  8726 | D:8      | Killed Amaemon
  8737 | D:8      | Asphyxiated

Illustrated notes

Levels and vault maps discovered:
D:1:      tarquinn_simple_flora_water_b, layout_loops_ring, serial_shops,
          nicolae_shop_tiny_glass
D:2:      cheibrodos_old_hovel, layout_loops_cross, nicolae_wormholes
D:3:      layout_basic, dreamdust_ecumenical_altar_grove,
          gammafunk_ghost_gnarly_gnolls, uniq_terence
D:4:      kennysheep_goblin_castle, layout_gridville,
          makhleb_blood_cavern_becter, kb_xom_exploding_sheep, minivault_26,
          nicolae_titane
D:5:      layout_gridville, mainiacjoe_overflow_concentric_impassable,
          nicolae_tso_carved_into_rock, mainiacjoe_overflow_24_doors,
          item_on_display_a
D:6:      layout_rooms, uniq_edmund, uniq_menkaure
D:7:      layout_cave_pools, slow_altar_2, minmay_temple_entry_statues_pillars,
          minmay_shop_grid_forest, nicolae_shop_gadgets, uniq_maggie,
          uniq_prince_ribbit1, uniq_pikel
D:8:      layout_cave_pods, minmay_manual_monolith, uniq_erica, uniq_maurice,
          uniq_amaemon

Skill      XL: |  1  2  3  4  5  6  7  8  9 10 |
---------------+-------------------------------+-----
Fire Magic     | 3 4 5 |  5.1
Spellcasting   | 2 |  2.3
Unarmed Combat | 1 2 4 6 9 10 11 | 11.2
Shields        | 1 |  1.0
Fighting       | 4 6 |  6.9
Armour         | 2 |  2.8
Axes           | |  2.6

Action                     |  1- 3 |  4- 6 |  7- 9 | 10-12 || total
---------------------------+-------+-------+-------+-------++-------
  Melee: Hand axe          |    84 |       |       |       ||    84
         Unarmed           |       |    83 |   200 |    24 ||   307
         Kick              |       |       |     7 |       ||     7
   Cast: Scorch            |    24 |    41 |    99 |     3 ||   167
 Invoke: Fiery Armour      |     1 |       |     3 |     1 ||     5
         Foxfire Swarm     |       |       |     1 |       ||     1
    Use: Scroll            |       |     7 |    14 |       ||    21
         Potion            |       |       |     1 |     4 ||     5
   Stab: Sleeping          |     1 |       |       |       ||     1
 Armour: Robe              |    53 |    42 |    82 |       ||   177
         Chain mail        |       |       |     8 |    42 ||    50
         Steam dragon scal |       |       |     2 |       ||     2
  Dodge: Dodged            |    34 |    46 |    50 |    14 ||   144
         Repelled          |       |       |       |     1 ||     1
  Block: Buckler           |    40 |    40 |    83 |    23 ||   186

Table legend: (Time is in decaauts)
 A = Elapsed time spent in this place.
 B = Non-inter-level travel time spent in this place.
 C = Inter-level travel time spent in this place.
 D = Time resting spent in this place.
 E = Time spent auto-exploring this place.
 F = Levels seen in this place.
 G = Mean time per level.
                   A        B        C        D        E       F      G
               +--------+--------+--------+--------+--------+-----+--------+
         Total |   8735 |   8232 |    503 |   1250 |   5246 |   8 | 1091.9 |
       Dungeon |   8735 |   8232 |    503 |   1250 |   5246 |   8 | 1091.9 |
               +--------+--------+--------+--------+--------+-----+--------+

Top non-repeatable levels by time:
     D:4: 1575 daAuts
     D:5: 1483 daAuts
     D:3: 1427 daAuts
     D:7: 1080 daAuts
     D:1: 1020 daAuts
     D:2: 1001 daAuts
     D:6: 847 daAuts
     D:8: 298 daAuts
